Sef, chaotic male human Priest ...-- -%.)| --....|. |....... .|%%.`... .....G... -...G(@G- ---...--- ----- Sef the Acolyte Experience level: 5 Strength: 14 Dexterity: 12 Constitution: 14 Intelligence: 9 Wisdom: 18 Charisma: 9 Health: 0(34) Energy: 63(63) Def: 8 Gold: 167 Moves: 1369 Dungeon seed: esrc-AC8bZcHHQjR Game ID: Sef_1584758143 Your Inventory: Coins $ - 167 gold pieces Weapons a - a blessed +1 mace (weapon in hand) l - a +0 aklys s - a +0 aklys (in quiver) Armor e - a +0 robe n - a +0 small shield (being worn) q - a +1 studded leather armor (being worn) r - a +0 orcish helm (being worn) v - a blessed +2 pair of iron shoes y - a +0 dwarvish cloak (being worn) z - a +0 pair of iron shoes (being worn) Comestibles d - a sprig of wolfsbane t - a fortune cookie Scrolls i - a scroll of charging u - a blessed scroll of blank paper Spellbooks f - a spellbook of cure sickness g - a spellbook of clairvoyance Potions b - 4 potions of holy water h - a potion of gain energy Tools k - a blessed wax candle (0:400) m - 6 tallow candles (0:200) o - a leash p - a +0 pick-axe Gems N - a worthless piece of yellowish brown glass Y - a worthless piece of violet glass Spells and supernatural/magical abilities: Name Level Category Fail Memory v - clairvoyance 3 divination 100% 94% K - cure sickness 3 healing 100% 94% W - pray for help -- divine ? -- X - turn undead -- divine ? -- Your skills at the end: Fighting Skills Weapon Skills mace [Basic] Spellcasting Skills clerical spells [Basic] Final Attributes: You were piously aligned. You are dead. Vanquished creatures: 4 gnome lords a gnomish wizard 6 dwarves a monkey a hobbit a hobgoblin a yellow mold 18 gnomes a gnome zombie 5 jackals 4 foxes a goblin 4 grid bugs a lichen a kobold zombie a newt 51 creatures vanquished. Voluntary challenges: You used a wielded weapon 65 times, starting on turn 2. You were illiterate. You never genocided any monsters. You never polymorphed an object. You never changed form. You used no wishes. You never split a pudding. You never wrote Elbereth's name. You never violated your personal moral code. Dungeon overview: The Dungeons of Doom: levels 1 to 2 Level 1 a long staircase Level 2 a fountain stairs to The Gnomish Mines The Gnomish Mines: levels 3 to 6 Level 3 stairs to The Dungeons of Doom Level 4 Level 6 <- You were here History has recorded: On T:1 you entered the Dungeons of Doom to retrieve the Amulet of Yendor! On T:368 you reached level 2 of The Dungeons of Doom. On T:525 you reached level 1 of The Gnomish Mines. On T:526 you advanced to experience level 2. On T:556 you advanced to experience level 3. On T:842 you advanced to experience level 4. On T:1097 you reached level 2 of The Gnomish Mines. On T:1121 you advanced to experience level 5. On T:1309 you reached level 4 of The Gnomish Mines. Score breakdown: Gold: 167 ( 7569 points) Experience: 5 levels (11141 points) Exploration: 6 levels ( 12.00%) ( 9583 points) Discoveries: 4 items ( 1.35%) ( 3481 points) Valuables value: (no points given unless you survive) Artifact value: 0 ( 0 points) Variety of kills: 16 monsters ( 4.20%) ( 6147 points) Turncount: 1369 turns ( 0 points) Survival: died (score multiplied by 80%) Total score: 30336 Latest messages: You are hit by an arrow. You miss the gnomish wizard. The air crackles around the gnomish wizard. You hit the gnomish wizard. The gnomish wizard points at you, then curses. You are almost hit by an arrow. The gnomish wizard points at you, then curses. The gnome lord throws a dart! You are almost hit by a dart. You miss the gnomish wizard. The gnomish wizard points at you, then curses. The gnome lord swings his crossbow. The gnome lord misses. You are almost hit by an arrow. You miss the gnomish wizard. (2x) The gnomish wizard points at you, then curses. The gnome lord swings his crossbow. The gnome lord hits! The gnomish wizard points at you, then curses. The gnome lord swings his crossbow. The gnome lord hits! You die... Final status: Goodbye Sef the Priest, killed by a gnome lord... You died in The Gnomish Mines on dungeon level 6 with 30336 points, and 167 pieces of gold, after 1369 moves. You were level 5 with a maximum of 34 hit points when you died.